 Dungeon Sprint DCSS version 0.29-a0-613-gf2c431b9b9 (webtiles) character file.

Game seed: 13289413232318028057

9874 mhtbhm the Worldbinder (level 11, -5/56 HPs)
             Began as a Tengu Summoner on June 17, 2022.
             Was an Initiate of Gozag.
             Slain by an unseen horror (10 damage)
             ... in the Dungeon (Sprint I: "Red Sonja").
             The game lasted 00:17:26 (3562 turns).

mhtbhm the Worldbinder (Tengu Summoner)             Turns: 3562, Time: 00:17:27

Health: -5/56      AC:  4    Str:  9    XL:     11   Next: 53%
Magic:  21/32      EV: 17    Int: 19    God:    Gozag
Gold:   964        SH:  0    Dex: 15    Spells: 1/42 levels left

rFire   . . .      SeeInvis .   r - +2 dagger (venom)
rCold   . . .      Faith    .   (no shield)
rNeg    + . .      Spirit   .   a - +2 robe {rN+}
rPois   .          Reflect  .   (helmet restricted)
rElec   .          Harm     .   (no cloak)
rCorr   .          Rampage  .   (no gloves)
Will    .....      NoTele   +   (boots unavailable)
Stlth   +++.......              (no amulet)
HPRegen 0.18/turn               (no ring)
MPRegen 0.23/turn               (no ring)

@: gold aura, flying quickly and evasively, quick
A: beak, talons 3, nimble flight
a: Renounce Religion, Potion Petition, Call Merchant, Bribe Branch


You were in the Dungeon.
You worshipped Gozag.
Gozag was pleased with you.
You visited 1 branch You collected 5137 gold pieces.
You spent 2956 gold pieces at shops.
You paid 1217 gold pieces to Gozag.

Inventory:

Hand Weapons
 r - a +2 dagger of venom (weapon)
Missiles
 j - 2 curare-tipped darts
Armour
 a - a +2 robe of positive energy (worn)
Wands
 f - a wand of iceblast (8)
 i - a wand of digging (1)
 o - a wand of flame (17)
Scrolls
 g - a scroll of blinking
 m - a scroll of fog
Potions
 b - 3 potions of magic
 c - 4 potions of curing
 e - a potion of haste
 p - a potion of mutation
Miscellaneous
 k - a condenser vane
 q - a phantom mirror


   Skills:
 + Level 1.4 Fighting
 + Level 1.0 Short Blades
 + Level 5.8 Dodging
 + Level 5.1 Stealth
 + Level 3.1 Unarmed Combat
 + Level 16.2 Spellcasting
 + Level 4.1 Hexes
 + Level 22.2 Summonings
 + Level 1.4 Ice Magic
 + Level 6.5 Air Magic
 + Level 2.4 Evocations


You had one spell level left.
You knew the following spells:

 Your Spells              Type           Power      Damage    Failure   Level
a - Monstrous Menagerie   Summ           39%        N/A       1%          7
b - Call Imp              Summ           79%        N/A       0%          2
c - Call Canine Familiar  Summ           79%        N/A       0%          3
d - Summon Guardian Gole  Hex/Summ       60%        N/A       1%          3
e - Summon Lightning Spi  Summ/Air       63%        N/A       1%          4
f - Summon Hydra          Summ           39%        N/A       1%          7
g - Summon Ice Beast      Ice/Summ       57%        N/A       1%          4
h - Summon Mana Viper     Hex/Summ       60%        N/A       1%          5
i - Summon Cactus Giant   Summ           39%        N/A       1%          6

Your spell library contained the following spells:

 Spells                   Type           Power      Damage    Failure   Level
 Summon Small Mammal      Summ           100%       N/A       0%          1
 Freeze                   Ice            80%        1d9       2%          1
 Summon Forest            Summ/Tloc      27%        N/A       1%          5
 Sublimation of Blood     Necr           15%        N/A       6%          2
 Wereblood                Tmut           15%        N/A       6%          2
 Frozen Ramparts          Ice            40%        1d6       7%          3
 Ozocubu's Armour         Ice            20%        N/A       7%          3
 Teleport Other           Tloc           15%        N/A       12%         3
 Hailstorm                Conj/Ice       18%        3d6       28%         4
 Ozocubu's Refrigeration  Ice            10%        4d7       100%        7


Dungeon Overview and Level Annotations

Branches:
Dungeon (1/1)

Altars:
Cheibriados
Dithmenos
Elyvilon
Fedhas
Gozag
Hepliaklqana
Kikubaaqudgha
Makhleb
Nemelex Xobeh
Okawaru
Qazlal
Ru
Sif Muna
Trog
Uskayaw
Vehumet
Wu Jian
Xom
Yredelemnul
Zin
The Shining One
Jiyva
Lugonu

Shops:
D ::==*[(:!*:[!=(*([*


Innate Abilities, Weirdness & Mutations

You have a beak for a mouth.
You have claws for feet.
Your magical nature lets you fly swiftly and evasively.


Message History

Confirm with . or Enter, or press ? or * to list all spells.
Something hits you but does no damage. Something hits you.
Something hits you but does no damage.
Unknown command.
Unknown command.
You swap places.
Something hits you!
* * * LOW HITPOINT WARNING * * *
Something hits your guardian golem! Something hits your guardian golem. x2
Unknown command.
Unknown command.
Aiming: Iceblast
Press: ? - help, Shift-Dir - straight line, f - unseen horror
Aim: an unseen horror (purple smoke, slightly transparent, ally target, haloed)
The mass of ice explodes!
The iceblast engulfs the unseen horror!
The unseen horror is heavily wounded.
Something hits your guardian golem but does no damage.
Something barely misses you. Something hits your eight-headed hydra.
Something hits your guardian golem but does no damage.
Unknown command.
Unknown command.
Unknown command.
Okay, then.
You can't see anything.
Try to condense clouds anyway?
Okay, then.
Okay, then.
You feel better. Something hits you!
* * * LOW HITPOINT WARNING * * *
Something hits your guardian golem but does no damage.
Your warg closely misses something.
Unknown command.
Unknown command.
You swap places.
Your eight-headed hydra disappears in a puff of smoke!
Something hits you!
* * * LOW HITPOINT WARNING * * *
Your warg bites something!
Reactivating autopickup.
You feel a bit more experienced. Something hits you!
You die...
Your body crumbles into a pile of gold.

###########################
.)..[#.[#.§§§§§§§§h§§..#..+$$$$
.#.[.##§#§####§§@{.##..'..#$$$$
##...'§§#§# ##§{9#######+#$$ $$
§#####..'.# $###{# =##


$$$$$ .#..##+#### $ #.##$$$# $$$$ .'..#..° $ #§§###$# §#..#...☼ $$$##.#A#$#
###'###.○° ..###$# ###.'.#..°# #x##..$# #.###.#..## #. +### You could see a
friendly guardian golem (summoned) and a friendly warg (summoned, sheltered).

Vanquished Creatures
  A necrophage (D)
  2 jellies (D)
  Ijyb (D)
4 creatures vanquished.

Vanquished Creatures (collateral kills)
  A hydra (D)
  2 centaur warriors (D)
  Sonja (D)
  A deep troll (D)
  A lindwurm (D)
  An oklob plant (D)
  A gargoyle (D)
  4 demonic crawlers (D)
  2 unseen horrors (D)
  2 kobold demonologists (D)
  A hornet (D)
  A slime creature (D)
  Sigmund (D)
  A yak (D)
  13 hogs (D)
  2 redbacks (D)
  3 floating eyes (D)
  An ogre (D)
  6 necrophages (D)
  4 jellies (D)
  A ballistomycete spore (D)
50 creatures vanquished.

Vanquished Creatures (others)
  A gargoyle (D)
  An unseen horror (D)
  2 jellies (D)
  A ballistomycete spore (D)
5 creatures vanquished.

Grand Total: 59 creatures vanquished

Notes
Turn   | Place    | Note
-------+----------+-------------------------------------------
     0 | D        | mhtbhm the Tengu Summoner began the quest for the Orb.
     0 | D        | Reached XP level 1. HP: 10/10 MP: 4/4
     4 | D        | Noticed Ijyb
    25 | D        | Killed Ijyb
    26 | D        | Reached skill level 7 in Summonings
    26 | D        | Reached XP level 2. HP: 15/15 MP: 1/6
    26 | D        | Reached XP level 3. HP: 19/19 MP: 1/8
    81 | D        | Learned a level 2 spell: Call Imp
    86 | D        | Learned a level 3 spell: Call Canine Familiar
    92 | D        | Noticed an ogre
   100 | D        | Killed an ogre
   101 | D        | Reached skill level 10 in Summonings
   101 | D        | Reached XP level 4. HP: 24/24 MP: 2/11
   104 | D        | Noticed Sigmund
   124 | D        | Killed Sigmund
   125 | D        | Reached skill level 1 in Unarmed Combat
   125 | D        | Reached skill level 5 in Spellcasting
   125 | D        | Reached skill level 12 in Summonings
   125 | D        | Gained mutation: Your magical nature lets you fly swiftly
                  | and evasively. [Tengu growth]
   125 | D        | Reached XP level 5. HP: 13/28 MP: 0/13
   125 | D        | Reached XP level 6. HP: 15/32 MP: 0/15
   295 | D        | Learned a level 3 spell: Summon Guardian Golem
   300 | D        | Learned a level 4 spell: Summon Lightning Spire
   301 | D        | Found an ornate altar of the Wu Jian Council.
   301 | D        | Found a shimmering blue altar of Sif Muna.
   303 | D        | Found a radiant altar of Vehumet.
   311 | D        | Reached skill level 13 in Summonings
   390 | D        | Killed a gargoyle
   411 | D        | Found Ziselon's Book Emporium.
   411 | D        | Found an ancient bone altar of Kikubaaqudgha.
   411 | D        | Found a hazy altar of Hepliaklqana.
   411 | D        | Found a stormy altar of Qazlal.
   411 | D        | Found a hide-covered altar of Uskayaw.
   411 | D        | Found a blossoming altar of Fedhas.
   411 | D        | Found a bloodstained altar of Trog.
   411 | D        | Found an iron altar of Okawaru.
   411 | D        | Found a basalt altar of Yredelemnul.
   411 | D        | Found a glowing golden altar of the Shining One.
   411 | D        | Found a snail-covered altar of Cheibriados.
   411 | D        | Found a sacrificial altar of Ru.
   411 | D        | Found a glowing silver altar of Zin.
   411 | D        | Found a shadowy altar of Dithmenos.
   411 | D        | Found a white marble altar of Elyvilon.
   411 | D        | Noticed a yak
   422 | D        | Killed a yak
   423 | D        | Reached skill level 14 in Summonings
   423 | D        | Reached XP level 7. HP: 36/36 MP: 4/18
   426 | D        | Found an opulent altar of Gozag.
   427 | D        | Found a sparkling altar of Nemelex Xobeh.
   437 | D        | Became a worshipper of Gozag Ym Sagoz the Greedy
   678 | D        | Noticed Sonja
   685 | D        | Killed Sonja
   686 | D        | Reached skill level 1 in Hexes
   686 | D        | Reached skill level 15 in Summonings
   686 | D        | Reached skill level 1 in Air Magic
   686 | D        | Reached XP level 8. HP: 41/41 MP: 5/22
   724 | D        | Found Wirch's Book Boutique.
   732 | D        | Bought a book of Blood for 308 gold pieces
   740 | D        | Learned a level 7 spell: Summon Hydra
   912 | D        | Noticed a deep troll
   915 | D        | Killed a deep troll
   916 | D        | Reached skill level 10 in Spellcasting
   916 | D        | Reached skill level 16 in Summonings
   940 | D        | Found Boeqick's Armour Emporium.
   959 | D        | Noticed a centaur warrior
   967 | D        | Noticed a centaur warrior
  1306 | D        | Killed a centaur warrior
  1307 | D        | Reached skill level 17 in Summonings
  1307 | D        | Reached XP level 9. HP: 35/45 MP: 10/25
  1323 | D        | Killed a centaur warrior
  1324 | D        | Reached skill level 5 in Dodging
  1324 | D        | Reached skill level 18 in Summonings
  1454 | D        | Noticed a hornet
  1568 | D        | Killed a hornet
  1685 | D        | Noticed an oklob plant
  1687 | D        | Killed an oklob plant
  1688 | D        | Reached skill level 5 in Air Magic
  1688 | D        | Reached XP level 10. HP: 50/50 MP: 13/27
  1820 | D        | Killed an unseen horror
  1821 | D        | Reached skill level 19 in Summonings
  1827 | D        | Reached skill level 1 in Evocations
  2004 | D        | Killed an unseen horror
  2191 | D        | Found Ewabloer's Assorted Antiques.
  2193 | D        | Found Kodehast's Weapon Emporium.
  2195 | D        | Found Jokim's General Store.
  2208 | D        | Identified the +2 war axe of Domaiq {speed, Str+2}
  2213 | D        | Found Teath's Jewellery Shoppe.
  2213 | D        | Found Siczof's Jewellery Shop.
  2213 | D        | Found Pots's General Store.
  2215 | D        | Found Paiqyosh's Antique Armour Emporium.
  2215 | D        | Found Futonorghe's Weapon Shop.
  2215 | D        | Found Piorugha's Distillery.
  2215 | D        | Found Pybyag's Book Boutique.
  2215 | D        | Found Getishreo's Antique Armour Emporium.
  2215 | D        | Found Zutuogiv's Distillery.
  2215 | D        | Found Tilitaocw's Jewellery Shoppe.
  2219 | D        | Found Woellown's Weapon Boutique.
  2240 | D        | Bought a book of Beasts for 608 gold pieces
  2240 | D        | Bought a book of the Wilderness for 608 gold pieces
  2240 | D        | Bought the Incunabulum of the Quantum Frostbite for 704
                  | gold pieces
  2322 | D        | Bought a potion of magic for 112 gold pieces
  2370 | D        | Learned a level 4 spell: Summon Ice Beast
  2376 | D        | Learned a level 5 spell: Summon Mana Viper
  2383 | D        | Learned a level 6 spell: Summon Cactus Giant
  2386 | D        | Found a burning altar of Makhleb.
  2386 | D        | Found a viscous altar of Jiyva.
  2386 | D        | Found a shimmering altar of Xom.
  2386 | D        | Found a corrupted altar of Lugonu.
  2391 | D        | Reached skill level 20 in Summonings
  2606 | D        | Noticed a kobold demonologist
  2612 | D        | Killed a kobold demonologist
  2615 | D        | Noticed a kobold demonologist
  2623 | D        | Killed a kobold demonologist
  2699 | D        | Noticed a demonic crawler
  2699 | D        | Noticed a demonic crawler
  2699 | D        | Noticed a demonic crawler
  2699 | D        | Noticed a demonic crawler
  2704 | D        | Noticed a gargoyle
  2714 | D        | Killed a demonic crawler
  2715 | D        | Reached skill level 5 in Stealth
  2717 | D        | Killed a demonic crawler
  2719 | D        | Killed a gargoyle
  2720 | D        | Reached skill level 1 in Ice Magic
  2720 | D        | Reached XP level 11. HP: 50/55 MP: 4/30
  2723 | D        | Reached skill level 15 in Spellcasting
  2723 | D        | Reached skill level 21 in Summonings
  2911 | D        | Noticed a lindwurm
  2916 | D        | Killed a lindwurm
  3118 | D        | Reached skill level 1 in Fighting
  3382 | D        | Learned a level 7 spell: Monstrous Menagerie
  3385 | D        | Noticed a 12-headed hydra
  3389 | D        | Reached skill level 22 in Summonings
  3390 | D        | Killed a 12-headed hydra
  3391 | D        | Reached skill level 1 in Short Blades
  3494 | D        | Bought a condenser vane for 560 gold pieces
  3494 | D        | Bought a scroll of identify for 28 gold pieces
  3494 | D        | Bought a scroll of identify for 28 gold pieces
  3549 | D        | Noticed a daeva
  3562 | D        | Slain by an unseen horror

Illustrated notes

Levels and vault maps discovered:
D:        dungeon_sprint_1 [red_sonja_temple_1, red_sonja_temple_small_1]

Skill      XL: |  1  2  3  4  5  6  7  8  9 10 11 |
---------------+----------------------------------+-----
Summonings     | 7 10 12 14 15 17 18 20 22 | 22.2
Dodging        | 3 4 5 |  5.8
Spellcasting   | 4 5 6 9 11 12 14 16 | 16.2
Stealth        | 3 4 5 |  5.1
Unarmed Combat | 1 2 3 |  3.1
Hexes          | 1 2 3 4 |  4.1
Air Magic      | 1 3 5 6 |  6.5
Evocations     | 2 |  2.4
Ice Magic      | 1 |  1.4
Fighting       | 1 |  1.4
Short Blades   | 1 |  1.0

Action                   |  1- 3 |  4- 6 |  7- 9 | 10-12 || total
-------------------------+-------+-------+-------+-------++-------
Melee: Unarmed           |     3 |     1 |       |     9 ||    13
       Kick              |     1 |     1 |       |     9 ||    11
       Peck              |     1 |       |       |     5 ||     6
       Dagger            |       |       |       |     9 ||     9
 Cast: Summon Small Mamm |     6 |     2 |     2 |       ||    10
       Call Imp          |     1 |     3 |     1 |     2 ||     7
       Call Canine Famil |     1 |     2 |     2 |     5 ||    10
       Summon Lightning  |       |     2 |     8 |     6 ||    16
       Summon Guardian G |       |     2 |     5 |    11 ||    18
       Summon Hydra      |       |       |     6 |    18 ||    24
       Summon Ice Beast  |       |       |       |     3 ||     3
       Summon Cactus Gia |       |       |       |     2 ||     2
       Monstrous Menager |       |       |       |     2 ||     2
Invok: Call Merchant     |       |       |       |     2 ||     2
Evoke: Wand              |       |       |     1 |     8 ||     9
       Phantom mirror    |       |       |       |     1 ||     1
  Use: Potion            |     1 |       |       |     3 ||     4
       Scroll            |       |       |       |     5 ||     5
Armor: Robe              |       |       |       |    10 ||    10
Dodge: Dodged            |       |     1 |    11 |    36 ||    48

Table legend: (Time is in decaauts)
 A = Elapsed time spent in this place.
 B = Non-inter-level travel time spent in this place.
 C = Inter-level travel time spent in this place.
 D = Time resting spent in this place.
 E = Time spent auto-exploring this place.
 F = Levels seen in this place.
 G = Mean time per level.
                   A        B        C        D        E       F      G
               +--------+--------+--------+--------+--------+-----+--------+
         Total |   3493 |   3493 |      0 |   2296 |      0 |   1 | 3493.0 |
       Dungeon |   3493 |   3493 |      0 |   2296 |      0 |   1 | 3493.0 |
               +--------+--------+--------+--------+--------+-----+--------+

Top non-repeatable levels by time:
       D: 3493 daAuts
